Map: Rhoskallian LE

Players

Flameboy

  • Race: Terran Terran
  • Spawn Location: 11:00

Strider

  • Race: Protoss Protoss
  • Spawn Location: 12:00

Massa

  • Race: Terran Terran
  • League: Platinum
  • Spawn Location: 6:00

qqq

  • Race: Protoss Protoss
  • League: Platinum
  • Spawn Location: 5:00

VOD

Have the link to the VOD?

Description

Time

  • Played on: Jan. 7, 2021, 2:48 p.m.
  • Length: 12:57
Show
View Real Time Build Order
Export as new Build Order

Flameboy Terran 

Build Orders: 1/1/1 

Get SALT Encoding   

  12  0:01  SCV  
  13  0:13  SCV  
  14  0:20  Supply Depot  
  14  0:25  SCV  
  15  0:31  Refinery  
  15  0:41  SCV  
  16  0:47  Barracks  
  16  0:53  SCV  
  17  1:06  SCV  
  18  1:35  Orbital Command  
  18  1:36  Marine  
  19  1:40  Factory  
  19  1:58  Marine  
  20  2:13  Refinery, Supply Depot  
  20  2:15  Marine  
  21  2:24  Starport, Factory Tech Lab  
  21  2:27  SCV  
  22  2:39  SCV  
  22  2:41  Marine  
  25  2:51  SCV  
  25  2:52  Supply Depot  
  25  2:57  Siege Tank  
  28  3:04  SCV  
  29  3:16  Medivac  
  29  3:17  Marine  
  32  3:20  SCV  
  33  3:34  SCV  
  34  3:36  Siege Tank, Marine, Supply Depot  
  38  3:46  SCV  
  39  3:48  Supply Depot  
  39  3:57  Marine  
  39  3:58  SCV  
  41  4:10  SCV  
  41  4:16  Marine  
  43  4:18  Command Center  
  43  4:20  Siege Tank  
  46  4:27  SCV  
  47  4:39  SCV  
  47  4:42  Marine  
  49  4:53  Siege Tank  
  49  4:59  SCV  
  53  5:00  Marine  
  53  5:04  Barracks  
  54  5:11  SCV  
  55  5:17  Medivac  
  55  5:18  Marine  
  55  5:19  Supply Depot  
  55  5:20  Supply Depot  
  58  5:23  SCV  
  59  5:52  Barracks  
  59  5:58  Marine  
  59  5:59  Siege Tank  
  59  6:00  Medivac  
  59  6:01  SCV  
  62  6:07  Barracks Tech Lab  
  62  6:11  Orbital Command  
  62  6:13  SCV  
  62  6:14  Barracks  
  62  6:15  Refinery, Barracks  
  62  6:16  Marine  
  59  6:25  SCV  
  60  6:34  Marine  
  61  6:40  SCV  
  61  6:41  Refinery, SCV  
  61  6:44  Engineering Bay  
  61  6:45  Barracks Reactor  
  61  6:46  Stimpack  
  63  6:47  Marine  
  63  6:48  Starport Reactor  
  63  6:52  SCV, Marine  
  66  6:57  SCV  
  67  7:03  Supply Depot  
  67  7:05  Supply Depot  
  67  7:09  SCV  
  68  7:16  Barracks Tech Lab, Marine x2  
  68  7:17  Marine  
  68  7:21  SCV  
  72  7:34  Marine x2  
  65  7:56  Marine x5, Combat Shield  
  65  7:57  Marine  
  70  8:02  Missile Turret  
  70  8:03  Terran Infantry Weapons Level 1  
  70  8:07  Armory  
  70  8:09  SCV  
  71  8:13  Command Center  
  71  8:14  Marine x2  
  71  8:19  Missile Turret  
  73  8:21  SCV  
  73  8:22  SCV, Missile Turret  
  73  8:26  Engineering Bay  
  75  8:28  Marine  
  75  8:30  Marine  
  75  8:32  Marine  
  78  8:43  SCV  
  79  8:50  Medivac, Siege Tank  
  79  8:53  Marine x2  
  86  8:55  SCV  
  86  8:59  SCV  
  88  9:08  SCV, Medivac  
  91  9:19  Barracks Reactor, Marine x2  
  91  9:20  Marine x3, Medivac  
  98  9:37  Marine x2  
  100  9:38  Marine x2, Medivac  
  100  9:40  SCV  
  100  9:44  Terran Infantry Armor Level 1  
  105  9:49  Supply Depot  
  105  9:50  Marine, Medivac  
  108  9:55  Marine x2  
  108  9:56  Marine  
  111  10:02  Marine x3  
  104  10:08  Marine, Medivac  
  104  10:13  SCV, Marine x2  
  110  10:14  Marine  
  110  10:18  Armory  
  110  10:19  Marine  
  112  10:22  Planetary Fortress  
  110  10:59  Marine x6  
  110  11:00  Marine  
  116  11:11  Refinery  
  116  11:12  Missile Turret  
  116  11:13  Refinery  
  116  11:17  Marine x7  
  123  11:34  Marine  
  123  11:35  Marine  
  125  11:41  SCV  
  125  11:45  SCV, Marine x2, Command Center  
  125  11:46  Marine  
  94  12:24  Marine x7  
Show
View Real Time Build Order
Export as new Build Order

Strider Protoss 

Build Orders:  

Get SALT Encoding   

  12  0:00  Probe  
  13  0:12  Probe  
  14  0:20  Pylon  
  14  0:26  Probe  
  15  0:39  Probe (Chrono Boost)  
  16  0:44  Gateway  
  16  0:48  Probe (Chrono Boost)  
  17  0:53  Probe (Chrono Boost)  
  18  1:05  Probe  
  19  1:17  Probe  
  20  1:30  Probe  
  21  1:42  Probe  
  22  1:48  Pylon  
  22  1:54  Probe  
  23  2:06  Probe  
  23  2:07  Zealot (Chrono Boost)  
  26  2:09  Assimilator  
  26  2:12  Cybernetics Core  
  26  2:16  Assimilator  
  26  2:26  Probe  
  26  2:38  Probe  
  27  2:46  Pylon  
  27  2:50  Probe, Stalker  
  30  2:52  Warp Gate (Chrono Boost)  
  30  3:05  Probe  
  31  3:06  Nexus  
  29  3:36  Probe  
  30  3:41  Stargate  
  30  3:48  Probe (Chrono Boost)  
  31  4:00  Probe (Chrono Boost)  
  31  4:01  Pylon  
  32  4:06  Probe (Chrono Boost)  
  32  4:09  Pylon  
  33  4:11  Gateway  
  33  4:12  Gateway  
  33  4:14  Probe  
  34  4:18  Probe  
  35  4:26  Probe  
  35  4:27  Assimilator  
  35  4:30  Probe, Oracle (Chrono Boost)  
  40  4:38  Probe  
  40  4:42  Probe  
  42  4:46  Stalker  
  42  4:51  Probe  
  45  4:54  Probe  
  45  4:55  Assimilator  
  45  4:58  Oracle (Chrono Boost)  
  50  5:07  Probe x2  
  51  5:15  Gateway  
  51  5:18  Sentry  
  51  5:19  Probe x2  
  51  5:20  Stalker  
  57  5:35  Phoenix (Chrono Boost)  
  56  5:57  Phoenix (Chrono Boost)  
  56  5:59  Stargate  
  56  6:00  Stargate  
  58  6:05  Stalker x3  
  61  6:38  Pylon  
  61  6:39  Probe x2  
  63  6:41  Protoss Air Weapons Level 1 (Chrono Boost)  
  63  6:48  Phoenix (Chrono Boost)  
  63  6:50  Phoenix (Chrono Boost), Forge  
  63  6:51  Probe, Nexus  
  63  6:53  Pylon  
  70  6:56  Phoenix (Chrono Boost)  
  70  7:04  Probe x2  
  72  7:12  Stalker x2  
  76  7:15  Phoenix  
  76  7:16  Probe  
  76  7:18  Phoenix  
  81  7:39  Oracle  
  80  7:57  Phoenix x2 (Chrono Boost)  
  82  8:13  Probe x3  
  82  8:16  Phoenix (Chrono Boost)  
  85  8:21  Phoenix (Chrono Boost)  
  87  8:39  Phoenix  
  89  8:51  Probe x2  
  89  8:53  Assimilator  
  89  8:55  Zealot x4  
  95  8:57  Assimilator  
  95  9:00  Pylon  
  95  9:01  Pylon  
  99  9:09  Probe x2  
  101  9:13  Pylon  
  101  9:17  Phoenix x3  
  101  9:18  Probe  
  108  9:41  Zealot x4  
  108  9:42  Phoenix  
  118  9:54  Phoenix x2  
  118  9:58  Probe x2, Protoss Air Armor Level 1 (Chrono Boost)  
  124  10:09  Probe  
  124  10:13  Pylon  
  125  10:14  Pylon  
  125  10:16  Probe, Pylon  
  125  10:17  Phoenix  
  122  10:35  Protoss Shields Level 1 (Chrono Boost)  
  106  10:46  Phoenix x2  
  106  10:47  Phoenix  
  104  10:57  Fleet Beacon  
  102  11:11  Phoenix x2, Stalker x4  
  104  11:12  Phoenix  
  116  11:31  Probe x3  
  119  11:43  Probe x2  
  119  11:44  Probe, Nexus  
  119  11:45  Pylon  
  119  11:46  Anion Pulse-Crystals (Chrono Boost)  
  122  11:49  Pylon  
  120  11:55  Probe x2  
  120  11:56  Probe  
  120  11:57  Phoenix x3  
  125  12:07  Probe x2  
  121  12:26  Stalker x4  
  121  12:28  Phoenix x3  
  135  12:36  Probe x3  
  134  12:54  Pylon  
Show
View Real Time Build Order
Export as new Build Order

Massa Terran 

Build Orders:  

Get SALT Encoding   

  12  0:00  SCV  
  13  0:12  SCV  
  14  0:24  SCV  
  14  0:25  Refinery  
  15  0:30  Supply Depot  
  15  0:51  SCV  
  15  0:54  Barracks  
  16  1:02  Supply Depot  
  16  1:04  SCV  
  17  1:16  SCV  
  17  1:17  Refinery  
  18  1:28  SCV  
  18  1:30  Supply Depot  
  19  1:40  SCV  
  20  1:52  SCV  
  20  1:53  Reaper  
  22  1:58  Supply Depot  
  22  2:08  Orbital Command  
  22  2:25  Factory  
  22  2:36  SCV  
  23  3:02  Reaper  
  24  3:35  Starport  
  24  3:37  Starport  
  24  3:42  SCV  
  25  3:51  Engineering Bay  
  25  3:54  SCV, Supply Depot  
  26  3:56  Armory  
  26  3:59  Command Center  
  26  4:00  Factory Tech Lab  
  26  4:06  SCV  
  27  4:12  Factory Tech Lab, Barracks Tech Lab  
  27  4:18  SCV, Starport Tech Lab x2  
  26  4:36  Siege Tank  
  26  4:37  Marine  
  30  4:54  Marine  
  30  4:59  Orbital Command  
  31  5:31  Widow Mine  
  29  5:47  Orbital Command  
  20  6:01  Banshee  
  18  6:32  Banshee  
  21  6:41  SCV  
  21  6:42  SCV  
  21  6:46  Cloaking Field  
  23  6:53  SCV  
  23  6:54  SCV  
  16  8:12  SCV  
  18  8:17  Orbital Command  
  17  8:21  Marine  
  17  8:24  SCV  
  19  8:27  Engineering Bay  
  19  8:31  Barracks  
  19  8:33  Barracks  
  19  8:36  SCV  
  19  8:37  Refinery  
  19  8:39  Marine  
  19  8:40  Refinery  
  21  8:46  SCV  
  22  8:48  SCV  
  23  8:57  Marine  
  23  9:00  SCV  
  25  9:03  SCV  
  25  9:06  Command Center  
  26  9:12  SCV  
  26  9:14  Missile Turret  
  26  9:15  SCV, Marine  
  29  9:23  Barracks Tech Lab  
  29  9:24  Barracks Reactor  
  29  9:25  SCV  
  29  9:28  Widow Mine  
  32  9:32  Marine  
  32  9:37  SCV x2, Missile Turret  
  35  9:43  Medivac  
  37  9:49  SCV x2  
  37  9:50  Marine  
  40  10:01  SCV x2  
  42  10:14  Marine x3  
  42  10:15  Marine  
  42  10:18  Siege Tank  
  49  10:21  Starport Tech Lab  
  49  10:23  SCV x3  
  52  10:32  Marine x4  
  52  10:35  SCV x3  
  59  10:47  SCV x2  
  61  10:50  Siege Tank  
  61  10:51  Stimpack  
  61  10:54  SCV  
  65  10:59  Refinery, SCV x2  
  65  11:00  Refinery  
  65  11:01  Missile Turret  
  65  11:04  Marine x4  
  72  11:11  SCV x2  
  73  11:23  Factory  
  71  11:49  Starport Reactor  
  71  11:50  Raven  
  73  12:09  SCV  
  73  12:10  SCV  
  64  12:21  SCV  
  64  12:22  SCV  
  61  12:34  SCV  
  61  12:38  Factory Reactor  
Show
View Real Time Build Order
Export as new Build Order

qqq Protoss 

Build Orders:  

Get SALT Encoding   

  12  0:00  Probe  
  13  0:14  Pylon  
  13  0:18  Probe  
  14  0:34  Forge  
  14  0:38  Probe  
  15  0:51  Pylon  
  15  1:00  Pylon  
  15  1:05  Pylon  
  15  1:14  Pylon  
  15  1:29  Photon Cannon  
  15  1:43  Pylon  
  14  1:51  Pylon x2  
  14  1:53  Pylon  
  13  2:11  Nexus  
  13  2:15  Probe  
  14  2:25  Gateway  
  14  2:27  Probe  
  15  2:40  Probe  
  15  2:43  Assimilator  
  16  2:47  Assimilator  
  16  2:52  Probe (Chrono Boost)  
  17  3:04  Probe (Chrono Boost)  
  18  3:11  Probe (Chrono Boost)  
  20  3:20  Probe (Chrono Boost)  
  20  3:24  Cybernetics Core  
  20  3:25  Probe (Chrono Boost)  
  21  3:33  Pylon  
  21  3:35  Probe  
  21  3:36  Probe  
  23  3:47  Probe, Pylon  
  24  3:48  Probe  
  25  3:59  Probe  
  25  4:00  Probe  
  27  4:04  Photon Cannon  
  27  4:11  Probe  
  27  4:16  Stargate  
  28  4:23  Stargate  
  28  4:27  Probe  
  29  4:33  Photon Cannon  
  29  4:41  Stalker (Chrono Boost)  
  31  4:45  Shield Battery  
  31  4:54  Photon Cannon  
  31  5:07  Phoenix (Chrono Boost)  
  31  5:08  Stalker (Chrono Boost)  
  35  5:17  Probe x2  
  29  5:42  Phoenix  
  31  6:19  Probe x2  
  31  6:20  Phoenix  
  31  6:21  Phoenix  
  37  6:31  Probe x2  
  39  6:39  Assimilator  
  39  6:43  Probe (Chrono Boost), Assimilator  
  39  6:44  Probe (Chrono Boost)  
  41  6:52  Phoenix  
  44  6:54  Probe (Chrono Boost)  
  44  6:55  Probe (Chrono Boost)  
  44  6:58  Probe (Chrono Boost)  
  44  7:00  Probe  
  46  7:03  Phoenix  
  49  7:08  Pylon  
  49  7:15  Nexus  
  49  7:20  Phoenix  
  51  7:29  Probe x2  
  53  7:41  Probe x2  
  55  7:53  Probe x2  
  57  8:03  Fleet Beacon  
  57  8:04  Pylon  
  57  8:06  Probe  
  58  8:19  Probe  
  59  8:31  Probe  
  60  8:35  Protoss Air Weapons Level 1 (Chrono Boost)  
  60  8:41  Phoenix (Chrono Boost)  
  60  8:42  Phoenix (Chrono Boost)  
  60  8:43  Probe  
  60  8:47  Anion Pulse-Crystals (Chrono Boost)  
  65  8:55  Probe  
  66  8:57  Phoenix (Chrono Boost)  
  66  9:01  Probe  
  69  9:03  Nexus  
  69  9:06  Pylon  
  69  9:08  Pylon  
  69  9:09  Pylon  
  69  9:11  Pylon  
  69  9:13  Probe, Phoenix  
  72  9:25  Probe, Robotics Facility  
  72  9:30  Photon Cannon  
  72  9:33  Photon Cannon  
  72  9:37  Probe  
  70  9:41  Photon Cannon  
  70  9:44  Photon Cannon  
  70  9:45  Phoenix  
  72  9:49  Probe  
  73  9:55  Phoenix  
  75  10:10  Phoenix  
  77  10:20  Phoenix  
  74  10:35  Phoenix  
  74  10:45  Phoenix  
  69  11:00  Phoenix  
  71  11:10  Phoenix  
  72  11:25  Phoenix  
  74  11:27  Photon Cannon  
  74  12:00  Phoenix x2  
  70  12:25  Phoenix  
Tags
 
Add a new tag
Caveats
  • Supply blocks, unpowered buildings, or Contaminate may cause inaccurate times.
  • Supply counts are checked every 10 seconds.